Map: Interloper LE

Players

JonSnow

  • Race: Zerg Zerg
  • Spawn Location: 5:00

uThermal - Winner!

  • Race: Terran Terran
  • Spawn Location: 11:00

Event: WCS Montreal 2017

VOD

Have the link to the VOD?

Description

Time

  • Played on: Sept. 8, 2017, 2:51 p.m.
  • Length: 8:46

All games in this series

Show
View Real Time Build Order
Export as new Build Order

JonSnow Zerg 

Build Orders: Hatch First 

Get SALT Encoding   

  12  0:01  Drone  
  13  0:13  Overlord  
  13  0:21  Drone  
  14  0:31  Drone  
  14  0:32  Drone  
  14  0:35  Drone  
  17  0:53  Hatchery  
  17  0:56  Drone  
  17  1:00  Drone  
  18  1:09  Extractor  
  17  1:15  Spawning Pool  
  17  1:17  Drone  
  17  1:20  Drone  
  18  1:28  Overlord  
  18  1:39  Drone  
  19  1:52  Drone  
  20  2:01  Queen  
  20  2:02  Zergling x2  
  20  2:04  Queen  
  20  2:05  Zergling x2  
  26  2:10  Metabolic Boost  
  26  2:13  Drone  
  27  2:34  Hatchery  
  27  2:35  Drone  
  26  2:43  Drone x2  
  26  2:44  Drone  
  29  2:45  Drone  
  29  2:50  Overlord  
  30  2:54  Drone  
  31  3:00  Spore Crawler  
  31  3:05  Drone x2  
  32  3:06  Drone  
  34  3:17  Queen x2  
  36  3:22  Overlord  
  36  3:25  Zergling x2  
  36  3:26  Zergling x2  
  38  3:35  Zergling x6  
  38  3:40  Drone x2  
  43  3:42  Drone  
  44  3:51  Overlord  
  44  3:55  Overlord  
  44  3:56  Drone x2  
  44  4:00  Queen, Drone  
  49  4:04  Drone  
  49  4:08  Lair  
  49  4:09  Drone x2  
  52  4:13  Baneling Nest  
  52  4:15  Extractor  
  52  4:16  Extractor  
  48  4:25  Drone  
  48  4:26  Drone x3  
  48  4:29  Drone x2  
  54  4:32  Drone  
  54  4:33  Drone x2  
  54  4:37  Overlord  
  57  4:47  Zergling x8  
  56  4:55  Drone x2  
  56  4:58  Drone x3  
  54  5:03  Drone x3  
  57  5:13  Drone x3  
  60  5:14  Overseer  
  60  5:20  Hydralisk Den  
  59  5:23  Baneling  
  59  5:25  Baneling x2  
  59  5:26  Drone x3  
  62  5:30  Spore Crawler  
  62  5:33  Drone  
  62  5:37  Baneling x2  
  62  5:38  Drone x2  
  60  5:43  Drone x2  
  60  5:45  Drone  
  63  5:53  Extractor  
  60  6:11  Hydralisk x6  
  59  6:17  Drone x3  
  74  6:22  Drone x2  
  76  6:27  Drone x2  
  76  6:31  Drone  
  77  6:40  Muscular Augments  
  77  6:41  Drone  
  77  6:42  Overlord  
  77  6:44  Evolution Chamber  
  75  6:50  Hydralisk x3  
  80  7:02  Hydralisk  
  80  7:03  Hydralisk x3  
  80  7:04  Zergling x2  
  88  7:09  Hydralisk  
  88  7:10  Zergling x2  
  88  7:14  Hydralisk  
  89  7:16  Overlord x3  
  89  7:24  Overlord  
  89  7:27  Hydralisk  
  89  7:34  Hydralisk x3  
  95  7:41  Hydralisk  
  95  7:43  Zergling x2  
  91  7:45  Hydralisk  
  91  7:50  Zergling x2  
  91  7:51  Zergling x2  
  90  8:03  Zergling x2  
  90  8:04  Zergling x8  
  81  8:07  Zergling x4  
  81  8:13  Hydralisk  
  81  8:26  Zergling x2  
Show
View Real Time Build Order
Export as new Build Order

uThermal Terran - Winner!

Build Orders: Hellion Opening, Reaper Expand, Mech 

Get SALT Encoding   

  12  0:02  SCV  
  13  0:14  SCV  
  14  0:17  Supply Depot  
  14  0:26  SCV  
  15  0:38  SCV  
  15  0:40  Barracks  
  16  0:44  Refinery  
  16  0:50  SCV  
  17  1:03  SCV  
  18  1:15  SCV  
  19  1:27  Reaper  
  19  1:28  Orbital Command  
  20  1:40  Command Center  
  20  1:52  Supply Depot  
  20  1:53  SCV  
  21  1:59  Marine  
  22  2:05  SCV  
  23  2:08  Factory  
  23  2:12  Refinery  
  23  2:17  SCV  
  25  2:24  Barracks Reactor  
  25  2:30  SCV  
  25  2:42  SCV  
  26  2:53  Orbital Command  
  26  2:54  Starport, SCV  
  31  3:05  Hellion x2  
  31  3:06  SCV  
  31  3:08  Barracks Tech Lab  
  32  3:18  SCV x2  
  33  3:27  Hellion x2  
  37  3:30  SCV  
  37  3:33  Supply Depot  
  38  3:34  SCV  
  38  3:37  Medivac  
  41  3:42  SCV  
  41  3:45  Supply Depot  
  41  3:46  SCV  
  43  3:51  Hellion  
  43  3:54  SCV  
  48  3:55  Hellion  
  48  3:59  SCV  
  49  4:06  SCV  
  49  4:07  Raven  
  52  4:11  SCV  
  52  4:16  Refinery  
  53  4:18  SCV, Refinery  
  53  4:20  Command Center  
  54  4:26  Hellion x2  
  54  4:29  SCV  
  59  4:32  Supply Depot  
  59  4:36  SCV  
  60  4:39  Supply Depot  
  60  4:41  SCV  
  61  4:48  Hellion  
  62  4:53  Raven, SCV x2  
  62  4:54  Hellion  
  66  5:02  Command Center, Supply Depot  
  66  5:05  SCV x2  
  68  5:14  Armory  
  68  5:15  Armory  
  68  5:17  SCV, Hellion  
  68  5:18  Hellion  
  73  5:21  SCV  
  74  5:30  Supply Depot, SCV  
  74  5:34  SCV  
  76  5:42  Factory, SCV  
  77  5:43  Factory, Barracks Tech Lab  
  77  5:46  SCV  
  77  5:49  Hellion  
  80  5:51  Starport Reactor  
  80  5:52  Hellion  
  80  5:54  SCV  
  83  5:58  SCV  
  83  6:01  Supply Depot  
  84  6:06  SCV  
  84  6:10  SCV  
  84  6:13  Hellion  
  84  6:14  Terran Vehicle And Ship Armor Level 1, Terran Vehicle Weapons Level 1  
  84  6:18  SCV  
  81  6:22  SCV  
  81  6:25  Hellion  
  82  6:28  Factory  
  82  6:29  Factory  
  82  6:30  SCV  
  83  6:34  SCV  
  83  6:37  Thor  
  90  6:48  Thor  
  96  6:55  Medivac  
  96  6:57  Medivac  
  100  7:11  Hellion  
  100  7:12  Orbital Command, Hellion  
  100  7:13  Refinery x2  
  104  7:16  Factory Tech Lab  
  104  7:17  Factory Tech Lab  
  104  7:18  Supply Depot  
  104  7:20  SCV  
  105  7:25  Infernal Pre-Igniter  
  105  7:28  Siege Tank  
  105  7:29  SCV  
  109  7:32  Hellion  
  111  7:40  Siege Tank, Hellion  
  111  7:41  Hellion  
  120  7:44  Hellion  
  114  7:51  Supply Depot  
  114  7:53  Supply Depot, Siege Tank  
  117  8:01  Hellion x2  
  117  8:03  Hellion  
  117  8:05  Siege Tank  
  110  8:06  Medivac x2  
  110  8:12  Hellion  
  114  8:22  Hellion  
  114  8:23  Hellion  
Tags
 
Add a new tag
Caveats
  • Supply blocks, unpowered buildings, or Contaminate may cause inaccurate times.
  • Supply counts are checked every 10 seconds.